 Dungeon Crawl Stone Soup version 0.24.0-1-gfbc8707122 (webtiles) character file.

Game seed: 12370451419815898938, levelgen mode: deterministic

70 Esekla the Charmwright (level 4, -3/34 HPs)
             Began as a Formicid Skald on Oct 25, 2019.
             Slain by Crazy Yiuf
             ... wielding a +3 quarterstaff of chaos
              (4 damage)
             ... on level 2 of the Dungeon.
             The game lasted 00:17:37 (3192 turns).

Esekla the Charmwright (Formicid Skald)             Turns: 3192, Time: 00:17:38

Health: -3/34      AC:  3    Str: 17    XL:     4   Next: 44%
Magic:  0/7        EV: 12    Int: 12    God:
Gold:   124        SH:  0    Dex: 10    Spells: 2/7 levels left

rFire    . . .     SeeInvis +   t - +0 long sword
rCold    . . .     Gourm    .   (no shield)
rNeg     . . .     Faith    .   b - +0 leather armour
rPois    .         Spirit   +   (helmet unavailable)
rElec    .         Reflect  .   (no cloak)
rCorr    .         Harm     .   (no gloves)
MR       .....                  (no boots)
Stlth    +.........             i - amulet of guardian spirit
HPRegen  0.11/turn              (no ring)
MPRegen  0.10/turn              (no ring)

@: very slightly contaminated
A: permanent stasis, dig shafts and tunnels, four strong arms, antennae 3
a: Dig, Shaft Self


You were on level 2 of the Dungeon.
You were hungry.

You visited 1 branch of the dungeon, and saw 3 of its levels.

You collected 124 gold pieces.

Inventory:

Hand Weapons
 k - a +1 hunting sling of flaming
 n - a +0 short sword of venom
 t - a +0 long sword (weapon)
Armour
 b - a +0 leather armour (worn)
Jewellery
 i - an amulet of guardian spirit (around neck)
Scrolls
 c - 4 scrolls of teleportation {unknown}
 e - 2 scrolls of identify
 g - a scroll of enchant armour {unknown}
 l - a scroll of amnesia {unknown}
 m - 2 scrolls of fog {unknown}
 o - a scroll of remove curse {unknown}
 p - a scroll of noise {unknown}
 q - 2 scrolls of fear {unknown}
Potions
 f - 2 potions of brilliance
 h - 3 potions of heal wounds
 r - a potion of lignification
 s - a potion of invisibility
 u - a potion of resistance {unknown}
Comestibles
 d - 7 rations


   Skills:
 + Level 2.5 Fighting
 + Level 0.4(1.7) Short Blades
 + Level 2.7 Long Blades
 + Level 1.6 Armour
 + Level 1.9 Dodging
 + Level 0.6 Stealth
 + Level 2.4 Spellcasting
 + Level 3.3 Charms
 * Level 1.2 Translocations


You had 2 spell levels left.
You knew the following spells:

 Your Spells              Type           Power        Failure   Level  Hunger
a - Infusion              Chrm           #...         8%          1    ##.....
b - Shroud of Golubria    Chrm/Tloc      #.....       19%         2    ###....
c - Song of Slaying       Chrm           #.......     12%         2    ###....

Your spell library contained the following spells:

 Spells                   Type           Power        Failure   Level  Hunger
 Regeneration             Chrm/Necr      #.........   43%         3    ####...
 Spectral Weapon          Hex/Chrm       #.......     43%         3    ####...


Dungeon Overview and Level Annotations

Branches:
Dungeon (3/15)

Altars:
Okawaru

Annotations:
D:2 Crazy Yiuf
D:3 3 runed translucent doors, Ullipcorian's ghost, weakling TrHu


Innate Abilities, Weirdness & Mutations

You cannot be hasted, slowed, berserked, paralysed or teleported.
You can dig through walls and to a lower floor.
Your four strong arms can wield two-handed weapons with a shield.
You have a pair of large antennae on your head. (SInv)


Message History

There is a stone staircase leading up here.
Crazy Yiuf says, "Liver arm sanguine!"
All of the chunks of flesh in your inventory have rotted away.
You flicker for a moment.
You flicker back into view.
Crazy Yiuf waves his quarterstaff at you.
Crazy Yiuf hits you with a +3 quarterstaff of chaos!
* * * LOW HITPOINT WARNING * * *
You are lethally poisoned!
Unknown command.
You feel better. Crazy Yiuf misses you.
You riposte.
You hit Crazy Yiuf but do no damage.
Crazy Yiuf is moderately wounded.
Are you sure you want to shaft yourself?
You are feeling hungry.
Crazy Yiuf waves his quarterstaff at you.
Crazy Yiuf hits you with a +3 quarterstaff of chaos!
* * * LOW HITPOINT WARNING * * *
Crazy Yiuf freezes you.
You die...

##### #...# ###
#...###############
..#############...##.............
>........<.#.........###########.
..########.#...............# #.
..# #.#.........#####.# #. #.#
#.####..g##.# #.# #. #.# #.#
#.@.##.# #.# #. #.# #.# ##..)##.#
##.## #. #.#
#.###.###.#.####...## #. #.#
##....## ##....#.....###<
#.#######>..##.###.#..........##.
................#.##.[#..........
#.#...........##.####.........###
#.#.#####..##.#### ##...........
#.#.#####..##.#######..##...###.#


You could see Crazy Yiuf.

Vanquished Creatures
  An adder (D:2)
  A worm (D:2)
  A dart slug (D:2)
  A leopard gecko (D:1)
  A ball python (D:1)
  2 bats (D:3)
  5 giant cockroaches
  6 hobgoblins
  6 jackals (D:2)
  3 frilled lizards
  11 goblins
  6 kobolds
  6 rats
50 creatures vanquished.

Notes
Turn   | Place    | Note
-------+----------+-------------------------------------------
     0 | D:1      | Esekla the Formicid Skald began the quest for the Orb.
     0 | D:1      | Reached XP level 1. HP: 16/16 MP: 3/3
   349 | D:1      | Reached XP level 2. HP: 13/22 MP: 5/5
   355 | D:1      | Learned a level 2 spell: Song of Slaying
   358 | D:1      | Learned a level 2 spell: Shroud of Golubria
   944 | D:1      | Reached XP level 3. HP: 21/27 MP: 3/6
  1232 | D:2      | Reached skill level 1 in Translocations
  1588 | D:2      | Reached XP level 4. HP: 33/34 MP: 7/7
  1689 | D:2      | Found a runed translucent door.
  1690 | D:2      | Noticed Crazy Yiuf
  2535 | D:3      | Found an iron altar of Okawaru.
  2856 | D:3      | Found a runed translucent gate.
  2857 | D:3      | Found a runed translucent gate.
  2858 | D:3      | Found a runed translucent gate.
  2858 | D:3      | Noticed Ullipcorian's ghost (weakling TrHu)
  3192 | D:2      | HP: 1/34 [Crazy Yiuf/+3 quarterstaff of chaos (8)]
  3192 | D:2      | Slain by Crazy Yiuf

Levels and vault maps discovered:
D:1:      sevenhm_arrival_forest_fort_large_4, layout_basic
D:2:      layout_loops_ring, grunt_ministairs_3, roderic_lattice_a,
          uniq_crazy_yiuf_cottage
D:3:      layout_loops_ring, lemuel_coloured_pillars_altar,
          ebering_ghost_rock_garden, hangedman_decor_peaks_small

Skill      XL: |  1  2  3 |
---------------+----------+-----
Translocations | 1 |  1.2
Fighting       | |  2.5
Short Blades   | |  0.4
Long Blades    | |  2.7
Armour         | |  1.6
Dodging        | |  1.9
Stealth        | |  0.6
Spellcasting   | |  2.4
Charms         | |  3.3

Action                   |  1- 3 |  4- 6 || total
-------------------------+-------+-------++-------
Melee: Falchion          |   109 |    10 ||   119
       Short sword       |    10 |    42 ||    52
       Long sword        |       |     7 ||     7
 Cast: Infusion          |     1 |     1 ||     2
       Shroud of Golubri |     7 |     1 ||     8
 Abil: Shaft Self        |       |     1 ||     1
  Use: Scroll            |       |     6 ||     6
       Potion            |       |     1 ||     1
 Stab: Sleeping          |       |     1 ||     1
  Eat: Chunk             |     2 |     6 ||     8
Armor: Leather armour    |    32 |    18 ||    50
Dodge: Dodged            |    85 |    37 ||   122
       Rpst.: Falchion   |    28 |     2 ||    30
       Long sword        |       |     1 ||     1
